 Dungeon Crawl Stone Soup version 0.30.0 (webtiles) character file.

Game seed: 11713608101480309671

9840 Ayyar the Spear-Bearer (level 11, -9/97 HPs)
             Began as a Minotaur Fighter on May 9, 2023.
             Was a High Priest of Okawaru.
             Shot with an arrow by a centaur warrior (14 damage)
             ... on level 11 of the Dungeon.
             The game lasted 00:39:34 (10331 turns).

Ayyar the Spear-Bearer (Minotaur Fighter)          Turns: 10331, Time: 00:39:35

Health: -9/97      AC: 17    Str: 24    XL:     11   Next: 28%
Magic:  10/10      EV:  7    Int:  5    God:    Okawaru [*****.]
Gold:   751        SH:  6    Dex: 11    Spells: 10/10 levels left

rFire   + . .        y - +1 trident (venom)
rCold   . . .        c - +0 buckler
rNeg    . . .        B - +0 plate armour
rPois   .            (helmet restricted)
rElec   .            (no cloak)
rCorr   .            g - +0 pair of gloves
SInv    +            I - +0 pair of boots
Will    .....        (no amulet)
Stlth   x              - ring of see invisible
HPRegen 0.36/turn    F - ring of protection from fire
MPRegen 0.12/turn

%: no passive effects
@: no status effects
A: horns 2, retaliatory headbutt
a: Renounce Religion, Heroism, Finesse, Duel


You were on level 11 of the Dungeon.
You worshipped Okawaru.
Okawaru was extremely pleased with you.
You visited 2 branches of the dungeon, and saw 12 of its levels.

You collected 751 gold pieces.

Inventory:

Hand Weapons
 y - a +1 trident of venom (weapon)
 C - a +4 spear
Missiles
 u - 11 boomerangs (quivered)
Armour
 c - a +0 buckler (worn)
 g - a +0 pair of gloves (worn)
 B - a +0 plate armour (worn)
 I - a +0 pair of boots (worn)
Jewellery
 e - a ring of fire
 x - a ring of see invisible (left hand)
 F - a ring of protection from fire (right hand)
Wands
 b - a wand of polymorph (4)
 n - a wand of flame (40)
Scrolls
 d - a scroll of torment {unknown}
 f - a scroll of teleportation {unknown}
 h - 3 scrolls of blinking
 j - 2 scrolls of poison
 k - 2 scrolls of enchant armour
 l - 3 scrolls of fog
 o - 2 scrolls of fear {unknown}
 p - 4 scrolls of magic mapping
 D - a scroll of noise {unknown}
 J - 4 scrolls of identify
Potions
 a - a potion of cancellation {unknown}
 i - a potion of lignification {unknown}
 m - a potion of degeneration
 q - 2 potions of mutation
 r - 3 potions of might
 v - 6 potions of flight
 w - 2 potions of curing
 z - a potion of haste
 A - a potion of berserk rage {unknown}
 E - 2 potions of attraction {unknown}
 G - a potion of magic {unknown}
 H - a potion of ambrosia


   Skills:
 + Level 9.4 Fighting
 * Level 12.6 Polearms
 + Level 7.1 Throwing
 + Level 9.4 Armour
 + Level 9.5 Shields


You had 10 spell levels left.
You didn't know any spells.
Your spell library contained the following spells:

 Spells                   Type           Power      Damage    Failure   Level
 Sandblast                Erth           0%         2d4       100%        1
 Ensorcelled Hibernation  Hex/Ice        0%         N/A       100%        2
 Passwall                 Tmut/Erth      0%         N/A       100%        2
 Gell's Gravitas          Tloc           0%         N/A       100%        3
 Swiftness                Air            0%         N/A       100%        3
 Teleport Other           Tloc           0%         N/A       100%        3
 Volatile Blastmotes      Fire/Tloc      0%         2d10      100%        3
 Fulminant Prism          Conj/Hex       0%         3d5       100%        4
 Iskenderun's Mystic Bla  Conj/Tloc      0%         2d3       100%        4
 Manifold Assault         Tloc           0%         N/A       100%        4
 Petrify                  Tmut/Erth      0%         N/A       100%        4
 Lee's Rapid Deconstruct  Erth           0%         3d4*      100%        5
 Metabolic Englaciation   Hex/Ice        0%         N/A       100%        5
 Dispersal                Tloc           0%         N/A       100%        6
 Statue Form              Tmut/Erth      0%         N/A       100%        6
 Disjunction              Tloc           0%         N/A       100%        8


Dungeon Overview and Level Annotations

Branches:
Dungeon (11/15)            Temple (1/1) D:5
   Lair: D:8-11         Orc: D:9-12

Altars:
Cheibriados
Dithmenos
Elyvilon
Hepliaklqana
Kikubaaqudgha
Okawaru
Qazlal
Ru
Sif Muna
Trog
Uskayaw
Wu Jian
Xom
Zin
The Shining One

Shops:
D:10 :

Portals:
Trove: D:10 (give 5 scrolls of fog)

Annotations:
D:7 2 transporters, Notta's ghost, novice OpVM
D:8 exclusions: 4 electric eels and 1 more exclusion


Innate Abilities, Weirdness & Mutations

You have a pair of horns on your head.
You reflexively headbutt those who attack you in melee.


Message History

The arrow hits you!
Throw: 11 boomerangs
Press: ? - help, Q - select action, (/) - cycle Shift-Dir - straight line, f/p - centaur warrior
Aim: a centaur warrior, wielding a +0 longbow (moderately wounded, 71% to hit)
You throw a boomerang. The boomerang hits the centaur warrior!
The centaur warrior is heavily wounded.
The centaur shoots an arrow.
The arrow hits you.
The centaur warrior shoots an arrow.
The arrow hits you.
A two-headed ogre comes into view. It is wielding two +0 giant clubs.
Throw: 11 boomerangs
Press: ? - help, Q - select action, (/) - cycle Shift-Dir - straight line, f/p - centaur warrior
Aim: a centaur warrior, wielding a +0 longbow (heavily wounded, 71% to hit)
You throw a boomerang.
The boomerang hits the centaur warrior but does no damage.
The centaur warrior is heavily wounded.
The centaur shoots an arrow.
The arrow closely misses you.
The centaur warrior shoots an arrow.
You block the arrow.
The centaur shoots an arrow.
The arrow hits you.
You hear a shout!
Throw: 11 boomerangs
Press: ? - help, Q - select action, (/) - cycle Shift-Dir - straight line, f/p - centaur warrior
Aim: a centaur warrior, wielding a +0 longbow (heavily wounded, 71% to hit)
You throw a boomerang.
The boomerang closely misses the centaur warrior.
The boomerang hits the centaur.
The centaur is lightly wounded.
The centaur warrior shoots an arrow.
The arrow hits you!
The centaur shoots an arrow.
The arrow hits you!
The centaur warrior shoots an arrow.
The arrow barely misses you.
The centaur warrior shoots an arrow.
The arrow hits you!!
* * * LOW HITPOINT WARNING * * *
The centaur warrior shoots an arrow.
The arrow hits you!
* * * LOW HITPOINT WARNING * * *
The centaur warrior shoots an arrow.
The arrow hits you!
* * * LOW HITPOINT WARNING * * *
You feel better.
The centaur warrior shoots an arrow.
The arrow hits you!
* * * LOW HITPOINT WARNING * * *
There is a stone staircase leading up here.
The centaur warrior shoots an arrow.
The arrow hits you!
You die...

#............
#............
#............
#............
#............
#............
#............
#.....†......
#...@........ .
#............ .).
#.c..........
...cc#######c...........
...Occ....O.............
########################


You could see a centaur warrior, a two-headed ogre and a centaur.

Vanquished Creatures
  Erolcha (D:9)
  Erica (D:9)
  Joseph (D:10)
  A water nymph (D:10)
  A komodo dragon (D:10)
  A troll (D:8)
  Prince Ribbit (D:6)
  Sigmund (D:3)
  12 yaks
  Grum (D:9)
  A steam dragon (D:9)
  An acid dragon (D:9)
  3 water moccasins
  A black bear (D:7)
  3 ice beasts (D:5)
  6 orc warriors
  3 centaurs
  5 wolves
  2 phantoms
  2 bullfrogs (D:6)
  A gnoll sergeant (D:5)
  8 scorpions
  7 wights
  3 killer bees (D:9)
  8 howler monkeys
  9 hounds
  2 jellies
  13 orc priests
  6 iguanas (D:5)
  Terence (D:3)
  A gnoll bouda (D:5)
  A sleepcap (D:6)
  13 orc wizards
  12 adders
  7 gnolls
  3 white imps
  A worm (D:2)
  35 orcs
  3 endoplasms
  6 giant cockroaches
  6 goblins
  5 hobgoblins
  3 jackals (D:4)
  5 quokkas
  5 ball pythons
  6 bats
  6 frilled lizards
  8 kobolds
  3 rats (D:1)
235 creatures vanquished.

Vanquished Creatures (others)
  A fungus (D:2)
1 creature vanquished.

Grand Total: 236 creatures vanquished

Notes
Turn   | Place    | Note
-------+----------+-------------------------------------------
     0 | D:1      | Ayyar the Minotaur Fighter began the quest for the Orb.
     0 | D:1      | Reached XP level 1. HP: 19/19 MP: 0/0
   195 | D:1      | Reached XP level 2. HP: 27/27 MP: 1/1
   218 | D:1      | Reached skill level 3 in Polearms
   823 | D:2      | Found an ornate altar of the Wu Jian Council.
   922 | D:2      | Reached XP level 3. HP: 33/33 MP: 2/2
  1029 | D:2      | Found a faded altar of an unknown god.
  1035 | D:2      | Got Plato's Octavo of the Fault
  1044 | D:2      | Reached skill level 1 in Throwing
  1359 | D:2      | Reached XP level 4. HP: 40/40 MP: 3/3
  1756 | D:3      | Found a sacrificial altar of Ru.
  1766 | D:3      | Noticed a scorpion
  1780 | D:3      | Killed a scorpion
  1781 | D:3      | Reached skill level 4 in Polearms
  1781 | D:3      | Reached XP level 5. HP: 38/46 MP: 4/4
  1851 | D:3      | Noticed Terence
  1862 | D:3      | Killed Terence
  2053 | D:3      | Noticed Sigmund
  2065 | D:3      | Killed Sigmund
  2066 | D:3      | Reached skill level 5 in Polearms
  2066 | D:3      | Reached XP level 6. HP: 54/55 MP: 5/5
  2346 | D:4      | You fall into a shaft and drop 1 floor!
  2346 | D:5      | Entered Level 5 of the Dungeon
  2369 | D:5      | Reached skill level 5 in Shields
  2373 | D:5      | Reached skill level 5 in Fighting
  2373 | D:5      | Reached skill level 5 in Armour
  2375 | D:5      | Noticed an ice beast
  2388 | D:5      | Killed an ice beast
  2389 | D:5      | Reached XP level 7. HP: 51/61 MP: 6/6
  2451 | D:5      | Found a staircase to the Ecumenical Temple.
  2468 | Temple   | Entered the Ecumenical Temple
  2471 | Temple   | Reached skill level 6 in Polearms
  2563 | Temple   | Became a worshipper of Warmaster Okawaru
  2792 | D:4      | Found a shimmering altar of Xom.
  3124 | D:4      | Found a shadowy altar of Dithmenos.
  3417 | D:5      | Reached * piety under Okawaru
  3426 | D:5      | Reached XP level 8. HP: 43/70 MP: 7/7
  3562 | D:5      | Reached skill level 7 in Polearms
  4382 | D:5      | Reached skill level 8 in Polearms
  4652 | D:6      | Found a stormy altar of Qazlal.
  4661 | D:6      | Noticed Prince Ribbit
  4679 | D:6      | Killed Prince Ribbit
  4679 | D:6      | Reached ** piety under Okawaru
  4697 | D:6      | Reached XP level 9. HP: 68/78 MP: 8/8
  4979 | D:6      | Reached skill level 9 in Polearms
  5492 | D:7      | Found a hazy altar of Hepliaklqana.
  5572 | D:7      | Reached *** piety under Okawaru
  5573 | D:7      | Reached skill level 5 in Throwing
  5701 | D:7      | Found an ancient bone altar of Kikubaaqudgha.
  6040 | D:7      | Noticed Notta's ghost (novice OpVM)
  6045 | D:7      | Noticed a queen bee
  6047 | D:7      | Found a transporter.
  6050 | D:7      | Found a transporter.
  6116 | D:7      | Received a gift from Okawaru
  6323 | D:7      | Reached skill level 10 in Polearms
  7217 | D:8      | Noticed a troll
  7334 | D:8      | Killed a troll
  7616 | D:8      | Found a glowing golden altar of the Shining One.
  7905 | D:8      | Reached **** piety under Okawaru
  7906 | D:8      | Reached XP level 10. HP: 85/88 MP: 9/9
  8545 | D:9      | Noticed Erolcha
  8562 | D:9      | Killed Erolcha
  8563 | D:9      | Reached skill level 11 in Polearms
  8599 | D:9      | Found a shimmering blue altar of Sif Muna.
  8737 | D:9      | Noticed Erica
  8753 | D:9      | Killed Erica
  8753 | D:9      | Reached ***** piety under Okawaru
  8912 | D:9      | Received a gift from Okawaru
  9277 | D:9      | Noticed Grum
  9297 | D:9      | Killed Grum
  9499 | D:10     | Entered Level 10 of the Dungeon
  9548 | D:10     | Reached skill level 12 in Polearms
  9674 | D:10     | Found a portal to a secret trove of treasure.
  9675 | D:10     | Noticed Joseph
  9685 | D:10     | Killed Joseph
  9685 | D:10     | Received a gift from Okawaru
  9725 | D:10     | Noticed a two-headed ogre
  9743 | D:10     | Reached XP level 11. HP: 97/97 MP: 10/10
  9745 | D:10     | a two-headed ogre changed into a water nymph
 10241 | D:10     | Found Fotoud's Book Shop.
 10312 | D:11     | Noticed a centaur warrior
 10319 | D:11     | Noticed a two-headed ogre
 10328 | D:11     | HP: 3/97 [centaur warrior/arrow (16)]
 10331 | D:11     | Shot with an arrow by a centaur warrior

Illustrated notes

Levels and vault maps discovered:
D:1:      erik_arrival_orb_chamber, layout_basic
D:2:      layout_basic, basic_altar, shapermc_ecumenical_altar_rom_forum
D:3:      layout_loops_cross, general_overflow_altar, serial_bayou_ford_a,
          uniq_terence, uniq_sigmund
D:4:      layout_cave_pools, amcnicky_altar_gilded, kennysheep_mini_moat
D:5:      minmay_octagon_keep, layout_basic, minmay_temple_entry_grid
D:6:      layout_cave_pools, nicolae_qazlal_scattered_showers,
          kennysheep_cluttered_room, minmay_fractal_squares_gapless_5,
          uniq_prince_ribbit1
D:7:      layout_loops_corners, mainiacjoe_overflow_alcove_2,
          mainiacjoe_overflow_small_starburst, gammafunk_ghost_hive
D:8:      layout_basic, nicolae_tso_carved_into_rock, erik_lair_island,
          serial_park_tiny_2, kennysheep_crisscross
D:9:      layout_roguey, led_sif_book, uniq_erolcha, uniq_erica, uniq_grum
D:10:     layout_roguey, enter_trove_0, serial_shops, shop, uniq_joseph
D:11:     layout_long_grid, uniq_sonja, uniq_urug, uniq_fannar
Temple:   eino_temple_water

Skill      XL: |  1  2  3  4  5  6  7  8  9 10 11 |
---------------+----------------------------------+-----
Polearms       | 3 4 5 6 8 10 12 | 12.6
Shields        | 4 5 6 7 9 |  9.5
Fighting       | 4 5 6 7 9 |  9.4
Throwing       | 1 2 3 4 5 6 7 |  7.1
Armour         | 4 5 6 7 9 |  9.4

Action                     |  1- 3 |  4- 6 |  7- 9 | 10-12 || total
---------------------------+-------+-------+-------+-------++-------
  Melee: Trident           |    88 |    97 |   465 |   228 ||   878
         Headbutt          |     4 |    14 |    84 |    49 ||   151
  Throw: Boomerang         |       |       |     2 |    55 ||    57
         Dart              |       |       |       |     1 ||     1
  Evoke: Wand              |       |     2 |       |     1 ||     3
    Use: Potion            |       |     1 |     5 |     2 ||     8
         Scroll            |       |       |     3 |     8 ||    11
 Armour: Scale mail        |    32 |       |       |       ||    32
         Chain mail        |       |    40 |   102 |       ||   142
         Plate armour      |       |       |    44 |    62 ||   106
  Dodge: Dodged            |    21 |    20 |   111 |    39 ||   191
  Block: Buckler           |     9 |    17 |    93 |    22 ||   141
